 Dungeon Crawl Stone Soup version 0.29.1-12-g30fa7ad0bf (webtiles) character file.

Game seed: 9805643545012920251

420 RapScallion the Slasher (level 7, 0/53 HPs)
             Began as a Human Fighter on Jan 16, 2023.
             Was an Initiate of Okawaru.
             Slain by a gnoll bouda
             ... wielding a +0 whip
              (5 damage)
             ... on level 4 of the Dungeon.
             The game lasted 00:24:04 (4764 turns).

RapScallion the Slasher (Human Fighter)             Turns: 4764, Time: 00:24:05

Health: 0/53       AC:  8    Str: 16    XL:     7   Next: 16%
Magic:  7/7        EV:  9    Int:  8    God:    Okawaru [......]
Gold:   198        SH:  5    Dex: 15    Spells: 6/6 levels left

rFire   . . .      SeeInvis .   m - +0 scimitar (holy)
rCold   . . .      Faith    .   c - +0 buckler
rNeg    . . .      Spirit   .   A - +1 scale mail {rPois}
rPois   +          Reflect  .   (no helmet)
rElec   .          Harm     .   (no cloak)
rCorr   .          Rampage  .   (no gloves)
Will    .....                   (no boots)
Stlth   ..........              (no amulet)
HPRegen 0.17/turn               (no ring)
MPRegen 0.10/turn               (no ring)

@: about to teleport, weakened
A: no striking features
a: Renounce Religion


You were on level 4 of the Dungeon.
You worshipped Okawaru.
Okawaru was noncommittal.
You visited 1 branch of the dungeon, and saw 4 of its levels.

You collected 198 gold pieces.

Inventory:

Hand Weapons
 a - a +0 long sword
 g - a +1 dagger of freezing
 m - a +0 scimitar of holy wrath (weapon)
 x - the +4 sling of Disembowelment {venom, *Slow rF++ rC+++ Int-3}
   (You found it on level 4 of the Dungeon)

   Any ammunition fired from it poisons the flesh of those it strikes.
   Int:       It affects your intelligence (-3).
   rF:        It greatly protects you from fire.
   rC:        It renders you almost immune to cold.
   *Slow:     It may slow you when you take damage.
Missiles
 p - 4 atropa-tipped darts (quivered)
 y - 2 throwing nets
Armour
 b - a +0 scale mail
 c - a +0 buckler (worn)
 j - a +1 plate armour
 A - a +1 scale mail of poison resistance (worn)
Jewellery
 i - a ring of fire
Scrolls
 d - a scroll of noise {unknown}
 f - a scroll of teleportation
 k - 2 scrolls of identify
 q - a scroll of silence {unknown}
 u - a scroll of enchant weapon {unknown}
 w - a scroll of poison {unknown}
Potions
 e - a potion of haste
 l - a potion of resistance {unknown}
 n - a potion of degeneration
 o - a potion of berserk rage {unknown}
 r - 3 potions of ambrosia {unknown}
 s - 2 potions of heal wounds {unknown}
 t - 3 potions of curing {unknown}
 v - a potion of brilliance {unknown}
 z - a potion of lignification {unknown}


   Skills:
 + Level 3.9 Fighting
 + Level 5.2 Long Blades
 + Level 4.2 Armour
 - Level 0.1 Dodging
 + Level 3.9 Shields


You had 6 spell levels left.
You didn't know any spells.
Your spell library contained the following spells:

 Spells                   Type           Power      Damage    Failure   Level
 Magic Dart               Conj           0%         1d3       89%         1
 Blink                    Tloc           0%         N/A       96%         2
 Mephitic Cloud           Conj/Pois/Air  0%         N/A       99%         3
 Manifold Assault         Tloc           0%         N/A       100%        5
 Storm Form               Tmut/Air       0%         N/A       100%        7
 Call Imp                 Summ           Unusable   N/A       N/A         2

Dungeon Overview and Level Annotations

Branches:
Dungeon (4/15)
 Temple: D:4-7

Altars:
Hepliaklqana
Okawaru
Ru


Message History

You slash the gnoll!
The gnoll is severely wounded.
The gnoll hits you with a +0 spear.
You slash the gnoll!
You kill the gnoll!
Okawaru accepts your kill. The gnoll barely misses you.
You hit the gnoll.
The gnoll is lightly wounded.
The gnoll hits you with a +2 vampiric halberd!
The gnoll closely misses you.
You barely miss the gnoll.
The gnoll is lightly wounded.
You block the gnoll's attack. You block the gnoll bouda's attack.
The gnoll hits you but does no damage. The gnoll closely misses you.
You slash the gnoll!
The gnoll is severely wounded.
The gnoll bouda calls upon its god to heal the gnoll.
The gnoll is healed somewhat.
The gnoll barely misses you.
The gnoll hits you with a +2 vampiric halberd.
You slash the gnoll!
You kill the gnoll!
Okawaru accepts your kill.
The gnoll bouda hits you with a +0 whip!
The gnoll hits you with a +0 short sword.
* * * LOW HITPOINT WARNING * * *
You slash the gnoll!
The gnoll is severely wounded.
The gnoll bouda gazes fiercely through you!
You feel your attacks grow feeble.
The gnoll bouda hits you but does no damage.
The gnoll hits you but does no damage.
The gnoll bouda hits you with a +0 whip.
* * * LOW HITPOINT WARNING * * *
As you read the scroll of teleportation, it crumbles to dust.
You feel strangely unstable.
The gnoll hits you with a +0 short sword.
* * * LOW HITPOINT WARNING * * *
The gnoll bouda hits you with a +0 whip.
You die...

..........<..+...... ........#
#............#..................#
#............#..................'
#'###...###..#......... ..).....#
....#...###..#.......# #.......#
)...#...#....#.......# #.......#
)...#...# ...'.......# #.......#
....#...# ..#.gg)...####.......#
....#...######.)@....#..#.......#
....#........'.......'..#........
....#........#.......#..#........
....#...##'###.......#..#........
....#...##)..#.......#..#........
....#...##...#.......#..#########
....#...#....#.......#..##......'
....#...#....#.......#..##......#
....#...###'##.......#..#......>#


You could see a gnoll bouda and a gnoll (swift).

Vanquished Creatures
  An ogre (D:4)
  A jelly (D:4)
  A hound (D:4)
  2 iguanas (D:4)
  An orc wizard (D:3)
  6 adders
  5 gnolls (D:4)
  A worm (D:4)
  A dart slug (D:3)
  9 orcs
  6 ball pythons
  4 endoplasms
  3 giant cockroaches
  8 goblins
  7 hobgoblins
  2 quokkas
  3 bats
  7 frilled lizards
  12 kobolds
  5 rats
85 creatures vanquished.

Vanquished Creatures (others)
  A fungus (D:1)
1 creature vanquished.

Grand Total: 86 creatures vanquished

Notes
Turn   | Place    | Note
-------+----------+-------------------------------------------
     0 | D:1      | RapScallion the Human Fighter began the quest for the Orb.
     0 | D:1      | Reached XP level 1. HP: 18/18 MP: 1/1
   377 | D:1      | Reached XP level 2. HP: 24/24 MP: 2/2
   707 | D:1      | Reached XP level 3. HP: 27/29 MP: 3/3
  1727 | D:2      | Found a faded altar of an unknown god.
  1744 | D:2      | Reached XP level 4. HP: 23/35 MP: 4/4
  1924 | D:2      | Reached skill level 3 in Long Blades
  2427 | D:3      | Found a sacrificial altar of Ru.
  2706 | D:3      | Found a hazy altar of Hepliaklqana.
  2800 | D:3      | Reached XP level 5. HP: 38/41 MP: 5/5
  3198 | D:3      | Found an iron altar of Okawaru.
  3352 | D:4      | Reached skill level 4 in Long Blades
  3352 | D:4      | Reached XP level 6. HP: 37/47 MP: 6/6
  3836 | D:4      | Noticed an ogre
  3843 | D:4      | Killed an ogre
  3844 | D:4      | Reached skill level 5 in Long Blades
  4134 | D:3      | Became a worshipper of Warmaster Okawaru
  4198 | D:4      | Identified the +4 sling of Disembowelment {venom, *Slow
                  | rF++ rC+++ Int-3}
  4270 | D:4      | Reached XP level 7. HP: 53/53 MP: 7/7
  4764 | D:4      | Slain by a gnoll bouda

Illustrated notes

Levels and vault maps discovered:
D:1:      dpeg_cavernosity, layout_basic, minmay_hedge_maze,
          minmay_misc_feat_room
D:2:      layout_basic, shapermc_ecumenical_altar_venn
D:3:      layout_basic, nicolae_overflow_hidden_temple,
          mainiacjoe_overflow_tiny_flanked, mainiacjoe_overflow_surrounded_room,
          dk_noncrumbling_3
D:4:      layout_gridville, corexii_corridor_pit

Skill      XL: |  1  2  3  4  5  6 |
---------------+-------------------+-----
Long Blades    | 3 4 5 |  5.2
Armour         | 4 |  4.2
Fighting       | |  3.9
Dodging        | |  0.1
Shields        | |  3.9

Action                   |  1- 3 |  4- 6 |  7- 9 || total
-------------------------+-------+-------+-------++-------
Melee: Long sword        |   128 |    24 |       ||   152
       Scimitar          |       |   126 |    33 ||   159
  Use: Scroll            |       |     5 |     2 ||     7
       Potion            |       |     1 |       ||     1
Armor: Scale mail        |    59 |    10 |     3 ||    72
       Plate armour      |       |    91 |    21 ||   112
Dodge: Dodged            |    44 |    41 |     7 ||    92
Block: Buckler           |    22 |    37 |     9 ||    68
